 Dungeon Crawl Stone Soup version 0.16-a0-922-gae79c9c (webtiles) character file.

12364 MRaven the Cloud Mage (level 11, -1/62 HPs)
             Began as a Tengu Air Elementalist on Sept 29, 2014.
             Was an Elder of Vehumet.
             Slain by a white ugly thing (8 damage)
             ... on Level 11 of the Dungeon on Sept 30, 2014.
             The game lasted 01:41:01 (19139 turns).

MRaven the Cloud Mage (Tengu Air Elementalist)     Turns: 19139, Time: 01:41:02

HP  -1/62        AC  6     Str 12      XL: 11   Next: 92%
MP  10/29        EV 18     Int 21      God: Vehumet [****..]
Gold 1364        SH  0     Dex 18      Spells:  7 memorised,  7 levels left

rFire  . . .     SeeInvis .     l - +5 cutlass of the Crypt {freeze, rPois MR+}
rCold  + . .     Clarity  +     w - +2 robe {rC+}
rNeg   + . .     rCorr    .     (no shield)
rPois  +         rRot     .     (helmet restricted)
rElec  .         Spirit   .     (no cloak)
SustAb .         Warding  .     m - +1 pair of gloves
rMut   .         Stasis   .     (boots unavailable)
Gourm  .                        j - amulet of clarity
MR     +....                    x - ring "Hoboyry" {rN+ Dex+3 Int+4}
                                e - +2 ring of intelligence

@: swift, repel missiles, quick, somewhat resistant to hostile enchantments,
unstealthy
A: able to fly, beak, talons 3
a: Fly, Renounce Religion


You were on level 11 of the Dungeon.
You worshipped Vehumet.
Vehumet was greatly pleased with you.
You were not hungry.

You visited 2 branches of the dungeon, and saw 12 of its levels.
You also visited: Bailey.

You collected 1364 gold pieces.

Inventory:

Hand weapons
 l - the +5 cutlass of the Crypt (weapon) {freeze, rPois MR+}
   (You found it on level 4 of the Dungeon)

   It has been specially enchanted to freeze those struck by it, causing extra
   injury to most foes and up to double damage against particularly susceptible
   opponents.
   It can also slow down cold-blooded creatures.
   It protects you from poison.
   It affects your resistance to hostile enchantments.
Missiles
 p - 13 tomahawks of returning
 K - 7 tomahawks (quivered)
Armour
 m - a +1 pair of gloves (worn)
 n - the +6 pearl dragon armour of Jonnil {rN+ Slay+3}
   (You took it off a kobold in a bailey)

   It affects your accuracy and damage with ranged weapons and melee attacks
   (+3).
   It protects you from negative energy.
 w - a +2 robe of cold resistance (worn)
 L - a +2 ring mail of positive energy
Magical devices
 f - a wand of teleportation (0)
 o - a wand of teleportation (0)
 D - a wand of paralysis (9)
 G - a wand of paralysis (10)
 I - a wand of draining (0)
Comestibles
 a - 2 royal jellies
 c - 6 bread rations
 d - 5 meat rations
 g - 14 fruits
 i - a slice of pizza
 H - 2 rotting chunks of giant frog flesh
 J - a rotting chunk of orc flesh
 M - 3 chunks of elf flesh
Scrolls
 t - 4 scrolls of teleportation
 y - a scroll of magic mapping
 A - a scroll of identify
 E - a scroll of blinking
 F - 2 scrolls of remove curse
 N - a scroll of enchant weapon
Jewellery
 e - a +2 ring of intelligence (left hand)
 j - an amulet of clarity (around neck)
 s - an uncursed ring of protection from magic
 x - the ring "Hoboyry" (right hand) {rN+ Dex+3 Int+4}
   (You found it on level 6 of the Dungeon)

   [ring of positive energy]

   It affects your intelligence (+4).
   It affects your dexterity (+3).
   It protects you from negative energy.
 z - an uncursed amulet of stasis
 B - an uncursed ring of ice
Potions
 h - a potion of lignification
 k - 4 potions of agility
 q - 2 potions of invisibility
 r - 3 potions of curing
 u - 2 potions of might
 v - 2 potions of berserk rage
Books
 b - a book of Air

   Spells                             Type                      Level
   *Shock                             Conjuration/Air              1
   *Swiftness                         Charms/Air                   2
   *Repel Missiles                    Charms/Air                   2
   Flight                             Charms/Air                   3
   *Static Discharge                  Conjuration/Air              3
   *Lightning Bolt                    Conjuration/Air              5
Rods
 C - a +1 rod of the swarm (9/9)
   (You took it off a two-headed ogre on level 10 of the Dungeon)


   Skills:
 - Level 4.8 Fighting
 - Level 5.7 Short Blades
 + Level 3.2 Armour
 - Level 8.4 Dodging
 - Level 2.0 Stealth
 - Level 8.8 Spellcasting
 - Level 9.5 Conjurations
 - Level 2.0 Fire Magic
 - Level 10.3 Air Magic
 * Level 6.4 Evocations


You had 7 spell levels left.
You knew the following spells:

 Your Spells              Type           Power        Failure   Level  Hunger
a - Shock                 Conj/Air       ####         1%          1    None
b - Repel Missiles        Chrm/Air       ####..       1%          2    None
c - Static Discharge      Conj/Air       ######..     1%          3    None
d - Swiftness             Chrm/Air       ####....     1%          2    None
e - Lightning Bolt        Conj/Air       ######....   1%          5    ####...
f - Sticky Flame          Conj/Fire      ####....     2%          4    ###....
g - Mephitic Cloud        Conj/Pois/Air  #####...     1%          3    None


Dungeon Overview and Level Annotations

Branches:
Dungeon (11/15)            Temple (1/1) D:7
    Orc: D:9-12        Lair: D:8-11

Altars:
Ashenzari
Cheibriados
Dithmenos
Elyvilon
Fedhas
Gozag
Kikubaaqudgha
Makhleb
Nemelex Xobeh
Okawaru
Qazlal
Ru
Sif Muna
Trog
Vehumet
Yredelemnul
Zin
The Shining One

Shops:
D:4 :


Innate Abilities, Weirdness & Mutations

You can fly.
You have a beak for a mouth.
You have claws for feet.


Message History

The white ugly thing is struck by lightning.
The white ugly thing is severely wounded.
The lightning arcs!
You are struck by lightning.
The lightning grounds out.
The white ugly thing completely misses you.
Unknown command.
Casting: Static Discharge
Confirm with . or Enter, or press ? or * to list all spells.
The white ugly thing is struck by lightning.
The white ugly thing is severely wounded.
The lightning arcs!
You are struck by lightning.
The lightning arcs!
The white ugly thing is struck by lightning.
The white ugly thing is severely wounded.
The lightning arcs!
You are struck by lightning.
The lightning grounds out.
The white ugly thing pecks you! The white ugly thing freezes you! You resist.
Casting: Static Discharge
Confirm with . or Enter, or press ? or * to list all spells.
You feel quick. The white ugly thing pecks you!
* * * LOW HITPOINT WARNING * * *
The white ugly thing freezes you! You resist.
You die...

.## ..# #.# #># ######.### .
#........# ..u ####........#
.... ###.u@........# .....
###...##........#
.......#...####........########
.......'.### #.......)........
.......### #.........(..####
..... ############.# ...> #.###
... #...## # #.....


You could see a white ugly thing.

Vanquished Creatures
  A centaur warrior (D:9)
  Pikel (D:5)
  An unseen horror (D:10)
  A wolf spider (D:10)
  2 orc knights (Bailey)
  A cyclops (D:11)
  A troll (D:9)
  Prince Ribbit (D:5)
  A two-headed ogre (D:10)
  A wyvern (D:10)
  A shadow (D:11)
  4 wandering mushrooms (D:8)
  A deep elf mage (D:11)
  5 hippogriffs
  A soldier ant (D:10)
  2 hungry ghosts
  Menkaure (D:4)
  7 orc warriors
  A water moccasin (D:9)
  3 sky beasts (D:9)
  3 ice beasts
  6 phantoms
  A deep dwarf (shapeshifter) (D:9)
  4 slaves
  5 centaurs
  A crocodile (D:9)
  Duvessa (D:6)
  6 giant frogs
  5 ogres
  A wyvern zombie (D:9)
  2 wights (D:9)
  5 scorpions
  A hippogriff skeleton (D:8)
  9 killer bees
  A yak skeleton (D:10)
  2 oklob saplings (D:8)
  An eye of draining (D:9)
  Dowan (D:6)
  3 crimson imps
  3 goliath beetles
  8 hounds
  3 jellies
  A giant frog zombie (D:9)
  4 orc priests
  21 orc wizards
  2 black bear skeletons
  4 iguanas
  10 worker ants
  A crocodile skeleton (D:6)
  A mummy (D:9)
  A hound skeleton (D:5)
  13 gnolls
  13 adders
  2 giant mites
  3 shadow imps
  A steam dragon skeleton (D:9)
  2 worms
  An adder skeleton (D:7)
  7 giant geckos
  2 oozes
  59 orcs
  3 ball pythons
  A bat skeleton (D:5)
  A bat zombie (D:5)
  4 giant cockroaches
  15 goblins
  12 hobgoblins
  9 jackals
  5 quokkas
  19 bats
  7 giant newts
  A giant spore (D:7)
  A hobgoblin skeleton (D:4)
  27 kobolds
  A kobold skeleton (D:7)
  6 orc skeletons
  2 orc zombies
  3 quokka skeletons
  24 rats
  2 ballistomycetes (D:7)
400 creatures vanquished.

Vanquished Creatures (others)
  3 killer bees (D:7)
  A rat skeleton (D:7)
  A plant (D:10)
5 creatures vanquished.

Grand Total: 405 creatures vanquished

Notes
Turn   | Place    | Note
--------------------------------------------------------------
     0 | D:1      | MRaven, the Tengu Air Elementalist, began the quest for the Orb.
     0 | D:1      | Reached XP level 1. HP: 10/10 MP: 3/3
     2 | D:1      | Learned a level 1 spell: Shock
   589 | D:1      | Upgraded the game from 0.16-a0-890-g98fc465 to 0.16-a0-910-g739c61c
   595 | D:1      | Reached XP level 2. HP: 12/15 MP: 0/5
   885 | D:1      | Learned a level 2 spell: Repel Missiles
  1627 | D:1      | Reached XP level 3. HP: 19/19 MP: 4/7
  1914 | D:2      | Learned a level 3 spell: Static Discharge
  1976 | D:2      | Found an opulent altar of Gozag.
  2100 | D:2      | Found a basalt altar of Yredelemnul.
  2105 | D:2      | Found an ancient bone altar of Kikubaaqudgha.
  2374 | D:1      | Reached skill level 5 in Air Magic
  2478 | D:2      | Reached XP level 4. HP: 20/24 MP: 0/9
  2742 | D:2      | Found a deep blue altar of Sif Muna.
  2743 | D:2      | Found a blossoming altar of Fedhas.
  3354 | D:3      | Learned a level 2 spell: Swiftness
  3485 | D:3      | Reached XP level 5. HP: 19/28 MP: 0/13
  4253 | D:3      | Found an iron altar of Okawaru.
  4582 | D:4      | Got a slimy cutlass
  5098 | D:4      | Reached XP level 6. HP: 32/32 MP: 13/15
  5230 | D:4      | Found Raolee's Book Emporium.
  5244 | D:4      | Noticed Menkaure
  5359 | D:5      | Entered Level 5 of the Dungeon
  5373 | D:5      | Noticed Pikel
  5396 | D:5      | Noticed Prince Ribbit
  5616 | D:5      | Killed Prince Ribbit
  5616 | D:5      | Reached skill level 6 in Air Magic
  5616 | D:5      | Reached XP level 7. HP: 27/36 MP: 0/18
  6302 | D:5      | Killed Pikel
  6302 | D:5      | Reached skill level 5 in Spellcasting
  6302 | D:5      | Reached skill level 5 in Conjurations
  6302 | D:5      | Reached XP level 8. HP: 23/41 MP: 0/22
  6475 | D:5      | Reached skill level 7 in Air Magic
  6700 | D:5      | Reached skill level 5 in Dodging
  7440 | D:6      | Got a fine glass ring
  7532 | D:6      | Upgraded the game from 0.16-a0-910-g739c61c to 0.16-a0-922-gae79c9c
  8331 | D:6      | Reached XP level 9. HP: 40/45 MP: 16/24
  8496 | D:6      | Reached skill level 8 in Air Magic
  8578 | D:6      | Noticed Duvessa
  8583 | D:6      | Noticed Dowan
  8797 | D:6      | Killed Duvessa
  8817 | D:6      | Killed Dowan
  8906 | D:6      | Identified the ring "Hoboyry" {rN+ Dex+3 Int+4} (You found it on level 6 of the Dungeon)
  9127 | D:4      | Killed Menkaure
 10202 | D:7      | Found a staircase to the Ecumenical Temple.
 10218 | Temple   | Entered the Ecumenical Temple
 10225 | Temple   | Learned a level 5 spell: Lightning Bolt
 10399 | Temple   | Became a worshipper of Vehumet
 10978 | D:7      | Reached skill level 9 in Air Magic
 11722 | D:8      | Reached skill level 1 in Fighting
 11815 | D:8      | Acquired Vehumet's first power
 11815 | D:8      | Offered knowledge of Flame Tongue by Vehumet.
 11929 | D:8      | Reached XP level 10. HP: 34/52 MP: 13/27
 12100 | D:8      | Identified the cursed +5 cutlass of the Crypt {freeze, rPois MR+} (You found it on level 4 of the Dungeon)
 12145 | D:8      | Reached skill level 1 in Short Blades
 12742 | D:8      | Found a stormy altar of Qazlal.
 13025 | D:8      | Offered knowledge of Searing Ray by Vehumet.
 13323 | D:8      | Noticed a wandering mushroom
 13328 | D:8      | Killed a wandering mushroom
 13535 | D:8      | Noticed a wandering mushroom
 13536 | D:8      | Found a blossoming altar of Fedhas.
 13536 | D:8      | Noticed a wandering mushroom
 13536 | D:8      | Noticed a wandering mushroom
 13976 | D:8      | Killed a wandering mushroom
 14043 | D:8      | Killed a wandering mushroom
 14052 | D:8      | Killed a wandering mushroom
 14853 | D:9      | Noticed a centaur warrior
 14997 | D:9      | Killed a centaur warrior
 14997 | D:9      | Reached skill level 10 in Air Magic
 15019 | D:9      | Reached skill level 5 in Short Blades
 15019 | D:9      | Reached XP level 11. HP: 43/60 MP: 7/29
 15287 | D:9      | Reached skill level 1 in Evocations
 15296 | D:9      | Offered knowledge of Inner Flame by Vehumet.
 15602 | D:9      | Acquired Vehumet's second power
 15609 | D:9      | Found a snail-covered altar of Cheibriados.
 16144 | D:9      | Offered knowledge of Sticky Flame by Vehumet.
 16158 | D:9      | Learned a level 4 spell: Sticky Flame
 16445 | D:10     | Entered Level 10 of the Dungeon
 16537 | D:10     | Got a warped scale mail
 16674 | D:10     | Found a flagged portal.
 16689 | Bailey   | Entered a bailey
 16923 | Bailey   | Got a heavily runed pearl dragon armour
 16953 | Bailey   | Identified the +6 pearl dragon armour of Jonnil {rN+ Slay+3} (You took it off a kobold in a bailey)
 16963 | Bailey   | Identified the cursed +0 scale mail of Irroaz {+Inv Slay+2} (You found it on level 10 of the Dungeon)
 17021 | Bailey   | Noticed an orc knight
 17021 | Bailey   | Noticed an orc knight
 17023 | Bailey   | Acquired Vehumet's third power
 17098 | Bailey   | Killed an orc knight
 17098 | Bailey   | Reached skill level 1 in Fire Magic
 17104 | Bailey   | Killed an orc knight
 17175 | Bailey   | Found a bloodstained altar of Trog.
 18042 | D:10     | Offered knowledge of Mephitic Cloud by Vehumet.
 18058 | D:10     | Learned a level 3 spell: Mephitic Cloud
 18400 | D:10     | Reached skill level 1 in Armour
 18405 | D:10     | Killed an unseen horror
 18405 | D:10     | Reached skill level 5 in Evocations
 18868 | D:11     | Found a glowing golden altar of the Shining One.
 19139 | D:11     | Slain by a white ugly thing

Action                   |  1- 3 |  4- 6 |  7- 9 | 10-12 || total
-------------------------+-------+-------+-------+-------++-------
Melee: Dagger            |    12 |       |       |       ||    12
       Short sword       |    14 |     3 |       |       ||    17
       Mace              |       |    15 |    23 |       ||    38
       Cutlass           |       |       |       |    52 ||    52
Throw: Tomahawk          |       |       |       |    24 ||    24
 Cast: Shock             |    68 |   152 |   346 |   401 ||   967
       Repel Missiles    |     1 |       |     2 |       ||     3
       Static Discharge  |     1 |     7 |    44 |   138 ||   190
       Swiftness         |       |     2 |     2 |     1 ||     5
       Lightning Bolt    |       |       |       |    19 ||    19
 Abil: Fly               |       |       |       |     3 ||     3
Evoke: Wand              |       |     1 |     2 |     6 ||     9
  Use: Scroll            |     2 |     3 |     8 |    11 ||    24
       Potion            |       |     3 |     1 |     3 ||     7
 Stab: Distracted        |       |       |       |     1 ||     1
       Sleeping          |       |       |       |     1 ||     1
  Eat: Chunk             |     4 |     9 |    15 |    15 ||    43
       Beef jerky        |     1 |     1 |       |       ||     2
       Royal jelly       |       |       |     3 |       ||     3
       Fruit             |       |       |       |     8 ||     8
       Bread ration      |       |       |       |     1 ||     1
